 Dungeon Crawl Stone Soup version 0.20.1-1-g8b1a95d (webtiles) character file.

523 KleinerIrrer the Chopper (level 7, -8/52 HPs)
             Began as a Formicid Fighter on July 9, 2017.
             Mangled by an ice beast (12 damage)
             ... on level 4 of the Dungeon.
             The game lasted 00:07:49 (4015 turns).

KleinerIrrer the Chopper (Formicid Fighter)         Turns: 4015, Time: 00:07:50

Health: -8/52      AC:  8    Str: 22    XL:     7   Next: 46%
Magic:  7/7        EV:  8    Int:  8    God:
Gold:   215        SH:  9    Dex: 10    Spells: 6/6 levels left

rFire    . . .     SeeInvis +   o - +1 hand axe (chop)
rCold    . . .     Gourm    .   c - +0 shield
rNeg     . . .     Faith    .   b - +0 scale mail
rPois    .         Spirit   .   (helmet unavailable)
rElec    .         Reflect  .   (no cloak)
rCorr    .         Harm     .   i - +0 pair of gloves
MR       .....                  (no boots)
Stlth    ..........             (no amulet)
Regen    0.2/turn               (no ring)
MPRegen  0.1/turn               (no ring)

@: no status effects
A: permanent stasis, dig shafts and tunnels, four strong arms, antennae 3
a: Dig, Shaft Self


You were on level 4 of the Dungeon.
You were not hungry.

You visited 1 branch of the dungeon, and saw 5 of its levels.

You collected 235 gold pieces.
You spent 20 gold pieces at shops.

Inventory:

Hand Weapons
 a - a +0 war axe
 o - a +1 hand axe of chopping (weapon)
Armour
 b - a +0 scale mail (worn)
 c - a +0 shield (worn)
 i - a +0 pair of gloves (worn)
Scrolls
 d - 3 scrolls of blinking {unknown}
 e - 2 scrolls of remove curse
 h - 2 scrolls of enchant weapon {unknown}
 k - 3 scrolls of recharging
 m - a scroll of immolation {unknown}
Potions
 g - 2 potions of berserk rage
 j - a potion of haste {unknown}
 n - a potion of curing
 q - a potion of lignification {unknown}
 r - a potion of flight {unknown}
Books
 p - a book of Callings

   Spells                             Type                      Level
   a - Summon Small Mammal            Summoning                    1
   b - Call Imp                       Summoning                    2
   c - Call Canine Familiar           Summoning                    3
   d - Summon Guardian Golem          Hexes/Summoning              3
   e - Summon Lightning Spire         Summoning/Air                4
   f - Summon Ice Beast               Ice/Summoning                4
Comestibles
 f - 5 bread rations
 l - 2 fruits


   Skills:
 * Level 3.3 Fighting
 + Level 7.7 Axes
 - Level 3.2 Armour
 - Level 3.6 Shields


You had 6 spell levels left.
You didn't know any spells.

Dungeon Overview and Level Annotations

Branches:
Dungeon (5/15)
 Temple: D:4-7

Altars:
Ashenzari
Cheibriados
Nemelex Xobeh
Trog
Yredelemnul

Shops:
D:4 ?

Annotations:
D:5 Eustachio


Innate Abilities, Weirdness & Mutations

You cannot be hasted, slowed, berserked, paralysed or teleported.
You can dig through walls and to a lower floor.
Your four strong arms can wield two-handed weapons with a shield.
You have a pair of large antennae on your head. (SInv)


Message History

You block the ice beast's attack.
Your shield and scale mail prevent you from hitting the ice beast.
The ice beast is almost dead.
You block the ice beast's attack.
You hit the ice beast but do no damage.
The ice beast is almost dead.
You block the ice beast's attack.
You barely miss the ice beast.
The ice beast is almost dead.
The ice beast hits you. The ice beast freezes you.
You barely miss the ice beast.
The ice beast is almost dead.
The ice beast hits you. The ice beast freezes you!
* * * LOW HITPOINT WARNING * * *
You closely miss the ice beast.
The ice beast is almost dead.
The ice beast hits you.
* * * LOW HITPOINT WARNING * * *
The ice beast freezes you!
You die...

..........<..............####.#..
..............##..............#..
...).....................>.......
............#######..........#...
...............###....####.###...
###.........##.##...### #......##
#####...............# ##<.....#
'._⌠##########......####.......##
'._⌠# ##Y@...............# #≈###
#......[.##...####.# ####
####.#.#.>..#..##...... ...###
##....#...[.....##.∩....
##...#####..........#...###......
####..#................####......
....#...#..............##........
.......##.................#.....#
.....#.###..........#.#####.....#


You could see an ice beast.

Vanquished Creatures
  An orc warrior (D:4)
  Blork the orc (D:4)
  A hound (D:4)
  2 orc wizards
  2 iguanas (D:4)
  A worker ant (D:4)
  A hound skeleton (D:4)
  5 adders
  3 gnolls (D:4)
  2 oozes
  4 worms
  A dart slug (D:1)
  2 leopard geckos
  5 orcs
  4 ball pythons
  7 giant cockroaches
  3 hobgoblins
  4 jackals
  2 quokkas (D:4)
  5 bats
  3 frilled lizards
  9 goblins
  7 kobolds
  A quokka skeleton (D:4)
  10 rats
86 creatures vanquished.

Notes
Turn   | Place    | Note
-------+----------+-------------------------------------------
     0 | D:1      | KleinerIrrer the Formicid Fighter began the quest for the Orb.
     0 | D:1      | Reached XP level 1. HP: 18/18 MP: 1/1
   197 | D:1      | Reached XP level 2. HP: 18/24 MP: 2/2
   310 | D:1      | Reached skill level 3 in Axes
   648 | D:1      | Reached XP level 3. HP: 29/29 MP: 3/3
   861 | D:2      | Found a shattered altar of Ashenzari.
  1238 | D:2      | Reached skill level 4 in Axes
  1238 | D:2      | Reached XP level 4. HP: 30/35 MP: 4/4
  1608 | D:3      | Reached XP level 5. HP: 36/41 MP: 5/5
  1902 | D:3      | Reached skill level 5 in Axes
  2375 | D:4      | Found Vewumme's Magic Scroll Shop.
  2399 | D:4      | Reached XP level 6. HP: 46/47 MP: 6/6
  2409 | D:4      | Bought a scroll of identify for 20 gold pieces
  2476 | D:4      | Noticed a moth of wrath
  2479 | D:4      | Found a bloodstained altar of Trog.
  2491 | D:4      | HP: 1/47 [worm (10)]
  2829 | D:4      | Reached skill level 6 in Axes
  3184 | D:4      | Found a basalt altar of Yredelemnul.
  3184 | D:4      | Found a sparkling altar of Nemelex Xobeh.
  3317 | D:5      | Entered Level 5 of the Dungeon
  3369 | D:5      | Noticed an orc warrior
  3373 | D:5      | Noticed Blork the orc
  3396 | D:4      | Killed an orc warrior
  3396 | D:4      | Reached skill level 7 in Axes
  3396 | D:4      | Reached XP level 7. HP: 16/52 MP: 7/7
  3620 | D:4      | Killed Blork the orc
  3736 | D:5      | Found a snail-covered altar of Cheibriados.
  3784 | D:5      | Noticed Eustachio
  4015 | D:4      | Mangled by an ice beast

Skill      XL: |  1  2  3  4  5  6 |
---------------+-------------------+-----
Axes           | 3 4 5 7 |  7.7
Fighting       | |  3.3
Armour         | |  3.2
Shields        | |  3.6

Action                   |  1- 3 |  4- 6 |  7- 9 || total
-------------------------+-------+-------+-------++-------
Melee: War axe           |   114 |    46 |       ||   160
       Hand axe          |       |   117 |    51 ||   168
  Use: Scroll            |     1 |     6 |       ||     7
       Potion            |       |     2 |       ||     2
  Eat: Chunk             |     1 |     7 |     2 ||    10
Armor: Scale mail        |    44 |    51 |    28 ||   123
Dodge: Dodged            |    28 |    49 |    18 ||    95
Block: Shield            |    76 |    76 |    45 ||   197
